 Dungeon Crawl Stone Soup version 0.27-a0-522-g46bbb28828 (webtiles) character file.

Game seed: 2203330133886360128

25 jasper the Grasshopper (level 2, -1/22 HPs)
             Began as a Demonspawn Warper on Mar 4, 2021.
             Slain by a hobgoblin
             ... wielding a +0 club
              (5 damage)
             ... on level 2 of the Dungeon.
             The game lasted 00:01:27 (1138 turns).

jasper the Grasshopper (Demonspawn Warper)          Turns: 1138, Time: 00:01:28

Health: -1/22      AC:  3    Str: 11    XL:     2   Next: 86%
Magic:  5/5        EV:  7    Int: 14    God:
Gold:   70         SH: 11    Dex: 12    Spells: 5/5 levels left

rFire    . . .     SeeInvis .   a - +0 mace
rCold    . . .     Faith    .   g - +0 tower shield
rNeg     . . .     Spirit   .   b - +0 leather armour
rPois    .         Reflect  .   (helmet restricted)
rElec    .         Harm     .   (no cloak)
rCorr    .         Rampage  .   (no gloves)
Will     .....                  (no boots)
Stlth    +.........             (no amulet)
HPRegen  0.07/turn              (no ring)
MPRegen  0.09/turn              (no ring)

@: no status effects
A: antennae 1
a: no special abilities


You were on level 2 of the Dungeon.
You visited 1 branch of the dungeon, and saw 2 of its levels.

You collected 70 gold pieces.

Inventory:

Hand Weapons
 a - a +0 mace (weapon)
Missiles
 e - 5 boomerangs of dispersal
 f - 44 stones (quivered)
 h - 35 bolts
 n - 8 curare-tipped darts
Armour
 b - a +0 leather armour (worn)
 g - a +0 tower shield (worn)
Jewellery
 j - an amulet of reflection
Scrolls
 c - a scroll of noise {unknown}
 d - a scroll of blinking
 i - 2 scrolls of teleportation {unknown}
 l - a scroll of identify {unknown}
 m - a scroll of magic mapping {unknown}
Potions
 k - a potion of lignification {unknown}


   Skills:
 - Level 2.1 Fighting
 - Level 1.7 Maces & Flails
 - Level 0.8 Throwing
 - Level 1.0 Armour
 - Level 1.9 Dodging
 + Level 1.6 Shields
 + Level 1.0 Unarmed Combat
 - Level 2.0 Spellcasting
 - Level 2.6 Translocations


You had 5 spell levels left.
You didn't know any spells.
Your spell library contained the following spells:

 Spells                   Type           Power        Failure   Level
 Blink                    Tloc           N/A          97%         2
 Gell's Gravitas          Tloc           4%           100%        3
 Lesser Beckoning         Tloc           4%           100%        3
 Teleport Other           Tloc           8%           100%        3
 Manifold Assault         Tloc           8%           100%        4


Dungeon Overview and Level Annotations

Branches:
Dungeon (2/15)

Altars:

Annotations:
D:2 Robin


Innate Abilities, Weirdness & Mutations

You have a pair of small antennae on your head.


Message History

You hit the hobgoblin but do no damage.
The hobgoblin is severely wounded.
You hear a shout!
The hobgoblin hits you but does no damage.
A goblin comes into view. It is wielding a +0 dagger.
Robin of the Strong Arm comes into view.
They are wielding a +0 dagger.
The dart slug launches a dart at you. You block the slug dart.
The goblin unwields a +0 dagger.
The goblin wields a +0 hunting sling.
The goblin shoots a stone.
The stone hits you.
A goblin comes into view. It is wielding a +0 dagger.
You take 1 damage, and have 21/22 hp.
A hobgoblin comes into view. It is wielding a +0 club.
Robin shouts!
You block the goblin's attack.
A goblin comes into view. It is wielding a +0 club.
The rat bites you. You block the hobgoblin's attack.
You block the dart slug's attack.
You take 2 damage, and have 19/22 hp.
A goblin and a hobgoblin come into view.
The hobgoblin shouts!
You block the goblin's attack. The goblin barely misses you.
Robin roars a battlecry!
The goblins go into a battle-frenzy!
You block the dart slug's attack.
The goblin shouts!
Found a dagger.
You hit the rat.
You kill the rat!
The goblin hits you with a +0 dagger. You block the goblin's attack.
Robin throws the goblin at you! The hobgoblin hits you with a +0 club.
The goblin wields a +0 hunting sling.
The goblin shoots a stone.
You block the stone.
The goblin shoots a stone.
You block the stone. The hobgoblin hits you! The goblin completely misses you.
The goblin hits you.
* * * LOW HITPOINT WARNING * * *
The goblin hits you but does no damage. The goblin closely misses you.
The dart slug bites you.
* * * LOW HITPOINT WARNING * * *
The hobgoblin hits you with a +0 club.
You die...

..............)..'.##....
........†.......#.####..
#.##........)..#.......
#....!..##+#####.......
#<#.(...# #.......
#...######.# #.......
+.........( +.......
###gwg.#### #.....##
#..g@g.# #.....# #..g(g.#
###..## #...gg.+ ###ggg.#
#....+ #.g.g# ... ......
..# ...)..# ###.. #....


You could see Robin, a dart slug, 4 hobgoblins and 8 goblins.

Vanquished Creatures
  A dart slug (D:2)
  2 leopard geckos
  3 bats
  3 giant cockroaches (D:2)
  2 goblins (D:2)
  A hobgoblin (D:2)
  2 jackals (D:2)
  A ball python (D:2)
  A frilled lizard (D:2)
  2 kobolds (D:2)
  3 rats
21 creatures vanquished.

Notes
Turn   | Place    | Note
-------+----------+-------------------------------------------
     0 | D:1      | jasper the Demonspawn Warper began the quest for the Orb.
     0 | D:1      | Reached XP level 1. HP: 16/16 MP: 3/3
   128 | D:1      | Reached skill level 1 in Armour
   620 | D:2      | Reached skill level 1 in Shields
   620 | D:2      | Gained mutation: You have a pair of small antennae on your
                  | head. [demonic ancestry]
   620 | D:2      | Reached XP level 2. HP: 11/22 MP: 5/5
  1114 | D:2      | Reached skill level 1 in Unarmed Combat
  1135 | D:2      | Noticed Robin
  1138 | D:2      | Slain by a hobgoblin

Illustrated notes

Levels and vault maps discovered:
D:1:      dpeg_arrival_rooms_c, layout_basic
D:2:      layout_basic, minmay_unequal, uniq_robin

Skill      XL: |  1  2 |
---------------+-------+-----
Armour         | 1 |  1.0
Shields        | 1 |  1.6
Unarmed Combat | 1 |  1.0
Fighting       | |  2.1
Maces & Flails | |  1.7
Throwing       | |  0.8
Dodging        | |  1.9
Spellcasting   | |  2.0
Translocations | |  2.6

Action                   || total
-------------------------++-------
Melee: Mace              ||    62
Throw: Stone             ||    20
Armor: Leather armour    ||    25
Dodge: Dodged            ||    24
Block: Tower shield      ||    56

Table legend: (Time is in decaauts)
 A = Elapsed time spent in this place.
 B = Non-inter-level travel time spent in this place.
 C = Inter-level travel time spent in this place.
 D = Time resting spent in this place.
 E = Time spent auto-exploring this place.
 F = Levels seen in this place.
 G = Mean time per level.
                   A        B        C        D        E       F      G
               +--------+--------+--------+--------+--------+-----+--------+
         Total |   1195 |   1190 |      5 |    292 |    661 |   2 |  597.5 |
       Dungeon |   1195 |   1190 |      5 |    292 |    661 |   2 |  597.5 |
               +--------+--------+--------+--------+--------+-----+--------+

Top non-repeatable levels by time:
     D:2: 746 daAuts
     D:1: 449 daAuts
